 Dungeon Crawl Stone Soup version 0.31-a0-833-gc15d34cb79 (webtiles) character file.

Game seed: 1165342037153371915

595 Fodor the Covered (level 7, -4/60 HPs)
             Began as a Minotaur Fighter on Sept 26, 2023.
             Slain by Menkaure (17 damage)
             ... on level 5 of the Dungeon.
             The game lasted 00:18:56 (3230 turns).

Fodor the Covered (Minotaur Fighter)                Turns: 3230, Time: 00:18:57

Health: -4/60      AC: 12    Str: 23    XL:     7   Next: 17%
Magic:  6/6        EV:  9    Int:  5    God:
Gold:   149        SH:  4    Dex:  9    Spells: 6/6 levels left

rFire   . . .        i - +0 trident (freeze)
rCold   . . .        c - +0 buckler
rNeg    . . .        f - +0 chain mail
rPois   .            (helmet restricted)
rElec   .            l - +0 cloak
rCorr   .            (no gloves)
SInv    .            q - +0 pair of boots
Will    .....        (no amulet) Stlth
                     (no ring)
HPRegen 0.30/turn    (no ring)
MPRegen 0.10/turn

%: no passive effects
@: no status effects
A: horns 2, retaliatory headbutt
a: no special abilities


You were on level 5 of the Dungeon.
You visited 1 branch of the dungeon, and saw 5 of its levels.

You collected 149 gold pieces.

Inventory:

Hand Weapons
 a - a +0 long sword
 i - a +0 trident of freezing (weapon)
Missiles
 s - a boomerang (quivered)
Armour
 c - a +0 buckler (worn)
 f - a +0 chain mail (worn)
 l - a +0 cloak (worn)
 q - a +0 pair of boots (worn)
Jewellery
 m - an amulet of faith
Wands
 u - a wand of flame (13)
 w - a wand of polymorph (6)
Scrolls
 e - 2 scrolls of teleportation
 h - a scroll of acquirement
 j - 2 scrolls of poison
 k - 3 scrolls of identify
 v - a scroll of enchant armour {unknown}
Potions
 b - a potion of mutation {unknown}
 d - a potion of might
 g - a potion of invisibility {unknown}
 n - a potion of cancellation {unknown}
 o - a potion of resistance {unknown}
 p - a potion of ambrosia {unknown}
 r - a potion of lignification {unknown}
 t - a potion of degeneration {unknown}


   Skills:
 + Level 4.9 Fighting
 + Level 3.6 Long Blades
 + Level 4.5 Polearms
 + Level 0.6 Throwing
 + Level 5.7 Armour
 + Level 2.9 Dodging
 + Level 0.3 Stealth
 + Level 4.6 Shields


You had 6 spell levels left.
You didn't know any spells.
Your spell library contained the following spells:

 Spells                   Type           Power      Damage    Failure   Level
 Summon Guardian Golem    Hex/Summ       0%         N/A       100%        3
 Tukima's Dance           Hex            0%         N/A       100%        3
 Dimensional Bullseye     Hex/Tloc       0%         N/A       100%        4
 Iskenderun's Mystic Bla  Conj/Tloc      0%         2d3       100%        4
 Orb of Destruction       Conj           0%         9d5       100%        7
 Spellforged Servitor     Conj/Summ      0%         N/A       100%        7


Dungeon Overview and Level Annotations

Branches:
Dungeon (5/15)
 Temple: D:4-7

Altars:
Hepliaklqana
Kikubaaqudgha
Vehumet
Xom

Annotations:
D:3 2 transporters, 1 runed translucent door, Crazy Yiuf; tinfoiltophat's ghost, amateur HOMo
D:5 Menkaure


Innate Abilities, Weirdness & Mutations

You have a pair of horns on your head.
You reflexively headbutt those who attack you in melee.


Message History

You have reached level 7!
Found a robe.
You see here a +0 robe.
A scorpion comes into view.
Found a dagger.
The scorpion barely misses you. You furiously retaliate!
You headbutt the scorpion. You barely miss the scorpion.
The scorpion is moderately wounded.
The scorpion completely misses you. You furiously retaliate!
You headbutt the scorpion!
You kill the scorpion!
Found a leather armour.
Found a sling.
Found a peridot ring.
A hound comes into view.
The hound barks!
Menkaure, Prince of Dust comes into view.
Menkaure shouts!
Menkaure calls on the powers of darkness!
The hound convulses!
Your body is wracked with pain!
The hound barely misses you. You furiously retaliate!
You headbutt the hound. The hound closely misses you.
The hound barely misses you. You furiously retaliate!
You headbutt the hound. The hound barely misses you. You furiously retaliate!
You headbutt the hound!
You kill the hound!
Menkaure gestures wildly while chanting.
Menkaure seems to speed up.
Found 8 gold pieces.
Menkaure casts a spell at you.
You struggle to resist.
Menkaure points at you and mumbles some strange words.
Pain shoots through your body!
Menkaure calls on the powers of darkness!
Your body is wracked with pain!
* * * LOW HITPOINT WARNING * * *
You barely miss Menkaure. You headbutt Menkaure!
Menkaure is moderately damaged.
Menkaure hits you!
You die...

#. #. #. #. #.
######.#####
...$.......#
...........#
.......@...#
.......M...###.
...............
...............
...............
...............
...............
...............
...............


You could see Menkaure (fast).

Vanquished Creatures
  Duvessa (D:4)
  An ogre (D:4)
  A phantom (D:4)
  A scorpion (D:5)
  Dowan (D:4)
  A howler monkey (D:5)
  A hound (D:5)
  An orc priest (D:4)
  Ijyb (D:4)
  3 adders
  An ufetubus (D:4)
  2 worms
  2 dart slugs
  4 orcs (D:4)
  11 ball pythons
  8 endoplasms
  5 giant cockroaches
  5 goblins
  10 hobgoblins
  A quokka (D:1)
  4 bats
  A frilled lizard (D:2)
  9 kobolds
  3 rats
78 creatures vanquished.

Notes
Turn   | Place    | Note
-------+----------+-------------------------------------------
     0 | D:1      | Fodor the Minotaur Fighter began the quest for the Orb.
     0 | D:1      | Reached XP level 1. HP: 19/19 MP: 0/0
   432 | D:1      | Reached XP level 2. HP: 27/27 MP: 1/1
   528 | D:1      | Reached skill level 4 in Armour
   890 | D:1      | Reached XP level 3. HP: 33/33 MP: 2/2
  1312 | D:2      | Found a faded altar of an unknown god.
  1674 | D:3      | Found a transporter.
  1776 | D:3      | Reached XP level 4. HP: 39/40 MP: 3/3
  1891 | D:3      | Found a runed translucent door.
  1892 | D:3      | Noticed Crazy Yiuf
  1901 | D:3      | Identified a scroll of acquirement
  1930 | D:3      | Found a transporter.
  1934 | D:3      | Noticed tinfoiltophat's ghost (amateur HOMo)
  2109 | D:4      | Reached skill level 1 in Polearms
  2235 | D:4      | Noticed an ogre
  2244 | D:4      | Killed an ogre
  2245 | D:4      | Reached skill level 5 in Armour
  2245 | D:4      | Reached skill level 1 in Dodging
  2245 | D:4      | Reached XP level 5. HP: 10/47 MP: 4/4
  2422 | D:4      | Noticed a phantom
  2430 | D:4      | Killed a phantom
  2431 | D:4      | Reached XP level 6. HP: 51/53 MP: 5/5
  2461 | D:4      | Found a radiant altar of Vehumet.
  2465 | D:4      | Found an ancient bone altar of Kikubaaqudgha.
  2467 | D:4      | Found a hazy altar of Hepliaklqana.
  2467 | D:4      | Found a shimmering altar of Xom.
  2548 | D:4      | Noticed Ijyb
  2556 | D:4      | Killed Ijyb
  2800 | D:4      | Noticed Duvessa
  2800 | D:4      | Noticed Dowan
  2809 | D:4      | Killed Dowan
  2817 | D:4      | Killed Duvessa
  3129 | D:5      | Entered Level 5 of the Dungeon
  3134 | D:5      | Reached XP level 7. HP: 60/60 MP: 6/6
  3212 | D:5      | Noticed Menkaure
  3230 | D:5      | Slain by Menkaure

Illustrated notes

Levels and vault maps discovered:
D:1:      psy_arrival_statuary, layout_loops_corners, st_stairs_10
D:2:      layout_rooms, ebering_ecumenical_altar_mist, serial_corexii_hall,
          corexii_hall_statues_i, corexii_hall_statues_deadend,
          minmay_pentomino_t2
D:3:      layout_rooms, gammafunk_ghost_arena, uniq_crazy_yiuf_cottage
D:4:      layout_basic, mainiacjoe_overflow_alcove_3, uniq_ijyb, uniq_duvessa
D:5:      minmay_chambers_of_fours, layout_basic, serial_shops, shop_statue,
          uniq_menkaure

Skill      XL: |  1  2  3  4  5  6 |
---------------+-------------------+-----
Armour         | 4 5 |  5.7
Fighting       | 4 |  4.9
Shields        | 4 |  4.6
Long Blades    | 3 |  3.6
Polearms       | 2 3 4 |  4.5
Dodging        | 1 2 |  2.9
Throwing       | |  0.6
Stealth        | |  0.3

Action                     |  1- 3 |  4- 6 |  7- 9 || total
---------------------------+-------+-------+-------++-------
  Melee: Long sword        |    66 |       |       ||    66
         Headbutt          |    16 |    14 |     1 ||    31
         Trident           |    34 |    77 |     2 ||   113
  Throw: Boomerang         |       |     5 |       ||     5
    Use: Scroll            |       |     3 |       ||     3
 Armour: Scale mail        |    48 |       |       ||    48
         Chain mail        |    27 |    68 |     1 ||    96
         Skin              |       |    21 |       ||    21
  Dodge: Dodged            |    54 |    50 |     6 ||   110
  Block: Buckler           |    27 |    12 |       ||    39

Table legend: (Time is in decaauts)
 A = Elapsed time spent in this place.
 B = Non-inter-level travel time spent in this place.
 C = Inter-level travel time spent in this place.
 D = Time resting spent in this place.
 E = Time spent auto-exploring this place.
 F = Levels seen in this place.
 G = Mean time per level.
                   A        B        C        D        E       F      G
               +--------+--------+--------+--------+--------+-----+--------+
         Total |   3277 |   3047 |    230 |    473 |      0 |   5 |  655.4 |
       Dungeon |   3277 |   3047 |    230 |    473 |      0 |   5 |  655.4 |
               +--------+--------+--------+--------+--------+-----+--------+

Top non-repeatable levels by time:
     D:1: 1172 daAuts
     D:4: 1047 daAuts
     D:2: 522 daAuts
     D:3: 432 daAuts
     D:5: 101 daAuts
